 Dungeon Crawl Stone Soup version 0.26-a0-835-g8259106e14 (webtiles) character file.

Game seed: 17612588050183662831

9 Kinoniko the Chopper (level 2, 22/22 HPs)
             Began as a Demonspawn Gladiator on Nov 17, 2020.
             Quit the game on level 1 of the Dungeon.
             The game lasted 00:00:16 (263 turns).

Kinoniko the Chopper (Demonspawn Gladiator)          Turns: 263, Time: 00:00:17

Health: 22/22      AC:  4    Str: 14    XL:     2   Next: 3%
Magic:  2/2        EV: 12    Int:  9    God:
Gold:   0          SH:  0    Dex: 14    Spells: 1/1 levels left

rFire    . . .     SeeInvis .   a - +0 war axe
rCold    . . .     Faith    .   (no shield)
rNeg     . . .     Spirit   .   b - +0 leather armour
rPois    .         Reflect  .   c - +0 helmet
rElec    .         Harm     .   (no cloak)
rCorr    .         Rampage  .   (no gloves)
MR       .....                  (no boots)
Stlth    +.........             (no amulet)
HPRegen  0.07/turn              (no ring)
MPRegen  0.08/turn              (no ring)

@: no status effects
A: claws 1
a: no special abilities


You were on level 1 of the Dungeon.
You visited 1 branch of the dungeon, and saw 1 of its levels.

Inventory:

Hand Weapons
 a - a +0 war axe (weapon)
Missiles
 d - 3 throwing nets (quivered)
Armour
 b - a +0 leather armour (worn)
 c - a +0 helmet (worn)
Scrolls
 e - a scroll of amnesia {unknown}
 f - a scroll of remove curse {unknown}


   Skills:
 - Level 2.0 Fighting
 + Level 3.2 Axes
 - Level 1.7 Throwing
 - Level 2.6 Dodging


You had one spell level left.
You didn't know any spells.
Your spell library was empty.

Dungeon Overview and Level Annotations

Branches:
Dungeon (1/15)

Altars:


Innate Abilities, Weirdness & Mutations

You have sharp fingernails.


Message History

No target in view!
No target in view!
No target in view!
No target in view!
Things that are here:
a +0 club; a goblin corpse A goblin comes into view.
It is wielding a -1 club.
The goblin shouts!
You see here 2 gold pieces.
A goblin is nearby!
A goblin is nearby!
A goblin is nearby!
The goblin misses you.
You hit the goblin.
You kill the goblin!
A goblin comes into view. It is wielding a +0 dagger.
You have reached level 2!
Your demonic ancestry asserts itself...
Your fingernails lengthen.
Are you sure you want to abandon this character and quit the game? (Confirm with "yes".)

........# ......[.#
........# # ........#
#.≈ .......)#
#########..≈≈ ........#
#...........≈
........####............
........#....$..@)......
........#...............
........................
........).........###g..
..........##......# ..
#####.....##......# . #
#.....##......#≈ #
#.....##.......≈ #
#.....##.......≈


You could see a goblin (wandering).

Vanquished Creatures
  A dart slug (D:1)
  3 goblins (D:1)
  A ball python (D:1)
  A bat (D:1)
  A rat (D:1)
7 creatures vanquished.

Vanquished Creatures (others)
  4 toadstools (D:1)
4 creatures vanquished.

Grand Total: 11 creatures vanquished

Notes
Turn   | Place    | Note
-------+----------+-------------------------------------------
     0 | D:1      | Kinoniko the Demonspawn Gladiator began the quest for the
                  | Orb.
     0 | D:1      | Reached XP level 1. HP: 16/16 MP: 1/1
    78 | D:1      | Reached skill level 3 in Axes
   263 | D:1      | Gained mutation: You have sharp fingernails. [demonic
                  | ancestry]
   263 | D:1      | Reached XP level 2. HP: 22/22 MP: 2/2
   263 | D:1      | Quit the game

Illustrated notes

Levels and vault maps discovered:
D:1:      ldierk_water_garden, layout_basic, serial_rivers,
          chequers_serial_rivers_small_b, chequers_serial_rivers_micro_d,
          chequers_serial_rivers_room_a, chequers_serial_rivers_micro_e,
          chequers_serial_rivers_micro_b, chequers_serial_rivers_small_b,
          minmay_lizard_pond

Skill      XL: |  1 |
---------------+----+-----
Axes           | 3 |  3.2
Fighting       | |  2.0
Throwing       | |  1.7
Dodging        | |  2.6

Action                   || total
-------------------------++-------
Melee: War axe           ||    25
Armor: Leather armour    ||     8
Dodge: Dodged            ||    22

Table legend: (Time is in decaauts)
 A = Elapsed time spent in this place.
 B = Non-inter-level travel time spent in this place.
 C = Inter-level travel time spent in this place.
 D = Time resting spent in this place.
 E = Time spent auto-exploring this place.
 F = Levels seen in this place.
 G = Mean time per level.
                   A        B        C        D        E       F      G
               +--------+--------+--------+--------+--------+-----+--------+
         Total |    272 |    272 |      0 |      0 |    217 |   1 |  272.0 |
       Dungeon |    272 |    272 |      0 |      0 |    217 |   1 |  272.0 |
               +--------+--------+--------+--------+--------+-----+--------+

Top non-repeatable levels by time:
     D:1: 272 daAuts
